KeyboardFire, neutral female human Valkyrie ---------------- |..............| |....<.........| ######################### #...............| ------------|-- #-+----|--------- #..............| #### ### ------------- ###|.............| ## # #.)/........`| # |..............# #### ### #|%@...`.....|### #-.............|# # # # ###|...-----...|# ###---------------# # ### ### ###....|}......|# # # -----# # # ##%[ |..`|.}.|`..|### # |...|# ## ## #### |...|...|...|# ### |...|# -.-----|-- #### |...-----...|# #------------- |>...# |........|###### |.....`.....%# #|...........| |...| |........|### |`.........`|# #|...........| |...| |.........# -------------# #............| |...| |........| ######### ------------- ----- |!........############### ---------- KeyboardFire the Skirmisher Experience level: 5 Strength: 18/01 Dexterity: 11 Constitution: 18 Intelligence: 10 Wisdom: 8 Charisma: 8 Health: 0(54) Energy: 11(11) Def: 11 Gold: 2697 Moves: 1154 Dungeon seed: -ZjELoSCEqzqcus4 Game ID: KeyboardFire_1434532530 Your Inventory: Coins $ - 2697 gold pieces Weapons b - a +0 dagger (in quiver) g - a cursed +0 orcish dagger Armor e - an uncursed +3 small shield (being worn) n - an uncursed +0 pair of speed boots (being worn) q - an uncursed +0 orcish helm r - an uncursed +0 dwarvish cloak (being worn) y - an uncursed +0 splint mail (being worn) Comestibles c - 3 cursed food rations l - an uncursed slime mold m - 2 cursed tripe rations o - a cursed cram ration Scrolls j - an uncursed scroll of scare monster u - an uncursed scroll of fire C - an uncursed scroll of blank paper E - 3 uncursed scrolls of magic mapping Wands w - a cursed wand of speed monster (0:4) I - a wand of light (0:10) Tools d - a cursed oil lamp (0:1082) p - a cursed bag of holding s - an uncursed credit card t - a cursed towel Contents of the bag of holding: 975 gold pieces an uncursed potion of water an uncursed tallow candle (0:200) Spells known in the end: Name Level Category Fail Memory Your skills at the end: Fighting Skills Weapon Skills dagger [Basic] hammer [Basic] Spellcasting Skills Final Attributes: You were devoutly aligned. You were cold resistant. You had woundedlegs. You were telepathic. You were stealthy. You could fly. You were very fast. You are dead. Vanquished creatures: The Oracle a giant spider a housecat a bugbear an orc shaman a pony a paper golem 2 floating eyes 2 dwarves 4 hill orcs 2 yellow molds a garter snake a gnome zombie a gecko a kobold 2 goblins 2 grid bugs a newt 26 creatures vanquished. Voluntary challenges: You used a wielded weapon 43 times, starting on turn 47. You read items or engraved 9 times, starting on turn 615. You never genocided any monsters. You never polymorphed an object. You never changed form. You used no wishes. You never split a pudding. You wrote Elbereth's name 2 times, starting on turn 615. You never violated your personal moral code. Dungeon overview: The Dungeons of Doom: levels 1 to 8 Level 1 a long staircase Level 2 Level 3 a fountain stairs to The Gnomish Mines Level 4 Level 5 Level 6 Level 7 a fountain Level 8 <- You were here The Gnomish Mines: Level 4 stairs to The Dungeons of Doom History has recorded: On T:1 you entered the Dungeons of Doom to retrieve the Amulet of Yendor! On T:114 you reached level 2 of The Dungeons of Doom. On T:130 you reached level 3 of The Dungeons of Doom. On T:179 you reached level 1 of The Gnomish Mines. On T:189 you reached level 4 of The Dungeons of Doom. On T:218 you reached level 5 of The Dungeons of Doom. On T:320 you reached level 6 of The Dungeons of Doom. On T:342 you advanced to experience level 2. On T:454 you reached level 7 of The Dungeons of Doom. On T:455 you advanced to experience level 3. On T:647 you advanced to experience level 4. On T:726 you reached level 8 of The Dungeons of Doom. On T:776 you advanced to experience level 5. Score breakdown: Gold: 3672 (12126 points) Experience: 5 levels (11141 points) Exploration: 8 levels ( 15.69%) (11224 points) Discoveries: 11 items ( 4.49%) ( 6356 points) Valuables value: (no points given unless you survive) Artifact value: 0 ( 0 points) Variety of kills: 18 monsters ( 4.75%) ( 6537 points) Time penalty: 1154 turns ( 0 points) Survival: died (score multiplied by 80%) Total score: 37907 Latest messages: Thump! Ouch! That hurts! You die... Final status: Farvel KeyboardFire the Valkyrie, killed by kicking a wand of enlightenment... You died in The Dungeons of Doom on dungeon level 8 with 37907 points, and 3672 pieces of gold, after 1154 moves. You were level 5 with a maximum of 54 hit points when you died.